 Dungeon Crawl Stone Soup version 0.27-a0-920-gb2bd10914a (webtiles) character file.

Game seed: 13423552676443076493

86 Lanoc the Firebug (level 4, -1/24 HPs)
             Began as a Deep Elf Fire Elementalist on Apr 9, 2021.
             Was a Follower of the Shining One.
             Slain by a gnoll
             ... wielding a +0 whip
              (2 damage)
             ... on level 3 of the Dungeon.
             The game lasted 00:03:59 (3252 turns).

Lanoc the Firebug (Deep Elf Fire Elementalist)      Turns: 3252, Time: 00:03:59

Health: -1/24      AC:  2    Str:  5    XL:     4   Next: 26%
Magic:  6/10       EV: 13    Int: 21    God:    the Shining One [*.....]
Gold:   86         SH:  0    Dex: 15    Spells: 4/9 levels left

rFire    + . .     SeeInvis .   (no weapon)
rCold    x . .     Faith    +   (no shield)
rNeg     . . .     Spirit   .   a - +0 robe
rPois    .         Reflect  .   (no helmet)
rElec    .         Harm     .   (no cloak)
rCorr    .         Rampage  .   (no gloves)
Will     .....                  (no boots)
Stlth    +.........             i - amulet of faith
HPRegen  0.08/turn              f - ring of fire
MPRegen  0.12/turn              (no ring)

@: very slightly contaminated, glowing
A: no striking features
a: Renounce Religion


You were on level 3 of the Dungeon.
You worshipped the Shining One.
The Shining One was aware of your devotion.
You visited 1 branch of the dungeon, and saw 3 of its levels.

You collected 86 gold pieces.

Inventory:

Armour
 a - a +0 robe (worn)
Jewellery
 f - a ring of fire (left hand)
 i - an amulet of faith (around neck)
Scrolls
 c - a scroll of teleportation {unknown}
 d - a scroll of enchant armour {unknown}
 e - 3 scrolls of identify {unknown}
 l - a scroll of fear {unknown}
 o - a scroll of enchant weapon {unknown}
Potions
 b - a potion of heal wounds {unknown}
 g - 3 potions of might {unknown}
 h - 2 potions of resistance {unknown}
 j - a potion of cancellation {unknown}
 k - a potion of curing {unknown}
 m - a potion of ambrosia {unknown}
 n - a potion of brilliance {unknown}


   Skills:
 + Level 3.7 Dodging
 - Level 2.4 Stealth
 - Level 3.0 Spellcasting
 - Level 1.1 Conjurations
 * Level 5.0 Fire Magic


You had 4 spell levels left.
You knew the following spells:

 Your Spells              Type           Power      Damage    Failure   Level
a - Sticky Flame          Conj/Fire      24%        2d5       36%         4
h - Foxfire               Conj/Fire      96%        2x1d8     3%          1

Your spell library contained the following spells:

 Spells                   Type           Power      Damage    Failure   Level
 Conjure Flame            Conj/Fire      24%        6-21      12%         3
 Beastly Appendage        Tmut           6%         N/A       13%         1
 Inner Flame              Hex/Fire       20%        N/A       14%         3
 Passwall                 Tmut/Erth      2%         N/A       21%         2
 Vampiric Draining        Necr           1%         2d6       36%         3
 Fireball                 Conj/Fire      12%        3d7       71%         5
 Irradiate                Conj/Tmut      2%         3d14      96%         5
 Yara's Violent Unravell  Hex/Tmut       1%         3d3       98%         5


Dungeon Overview and Level Annotations

Branches:
Dungeon (3/15)

Altars:
The Shining One

Annotations:
D:3 2 transporters, gus3d's ghost, amateur OpMo


Message History

You feel a surge of power!
You conjure some foxfire!
The foxfire hits the ball python.
The ball python is severely wounded.
Casting: Foxfire (safe; 3% risk of failure)
Confirm with . or Enter, or press ? or * to list all spells.
You feel a surge of power!
There is not enough space to conjure foxfire!
The foxfire hits the ball python.
You kill the ball python!
Your foxfire dissipates!
You see here a ball python corpse.
A gnoll comes into view. It is wielding a +0 whip.
Casting: Foxfire (safe; 3% risk of failure)
Confirm with . or Enter, or press ? or * to list all spells.
You feel a surge of power!
You conjure some foxfire!
Casting: Foxfire (safe; 3% risk of failure)
Confirm with . or Enter, or press ? or * to list all spells.
You feel a surge of power!
There is not enough space to conjure foxfire!
Your foxfire dissipates!
Casting: Foxfire (safe; 3% risk of failure)
Confirm with . or Enter, or press ? or * to list all spells.
You feel a surge of power!
You conjure some foxfire!
The gnoll hits you with a +0 whip!
You see here a ball python corpse.
Casting: Foxfire (safe; 3% risk of failure)
Confirm with . or Enter, or press ? or * to list all spells.
The spell is potentially lethal to cast (36% risk of failure)!
Continue anyway? [Y]es or [N]o only, please.
The spell is potentially lethal to cast (36% risk of failure)!
Continue anyway?
Aiming: Sticky Flame (potentially lethal; 36% risk of failure)
Press: ? - help, Shift-Dir - straight line, f - gnoll
Aim: a gnoll, wielding a +0 whip (haloed, 0% to evade)
You feel a surge of power!
You miscast Sticky Flame.
You are very lightly contaminated with residual magic.
You are blasted with magical energy!
Ouch! That really hurt!
* * * LOW HITPOINT WARNING * * *
The gnoll hits you with a +0 whip.
You die...

### ##.##
##.#.##
##.#.#.##
##.#.#.#.##
##†#.###.#.##
##g#.##
##.#.##
##@#.##
##.#.##
##.#.##
##.#.##
##.#.##
##.#.##
#.#.## ##.#.#
##.#.##
..#.##
##.#.##
#.#.##
##.#(## #.#g#
##.#.## ##.#
##.#.## ## #


You could see a gnoll.

Vanquished Creatures
  3 adders
  A dart slug (D:2)
  5 endoplasms
  4 giant cockroaches
  10 goblins
  2 hobgoblins (D:1)
  4 jackals
  A quokka (D:3)
  11 ball pythons
  7 bats
  2 frilled lizards (D:1)
  3 kobolds
  5 rats
58 creatures vanquished.

Vanquished Creatures (others)
  206 foxfires
206 creatures vanquished.

Grand Total: 264 creatures vanquished

Notes
Turn   | Place    | Note
-------+----------+-------------------------------------------
     0 | D:1      | Lanoc the Deep Elf Fire Elementalist began the quest for
                  | the Orb.
     0 | D:1      | Reached XP level 1. HP: 10/10 MP: 6/6
   337 | D:1      | Reached XP level 2. HP: 12/15 MP: 5/8
   400 | D:1      | Identified the Reference Book on Unstable Unholy Rites
   523 | D:1      | Reached skill level 4 in Fire Magic
  1351 | D:2      | Reached XP level 3. HP: 17/19 MP: 5/9
  2514 | D:2      | Reached XP level 4. HP: 23/24 MP: 7/10
  2797 | D:2      | Found a faded altar of an unknown god.
  2809 | D:2      | Became a worshipper of the Shining One
  2809 | D:2      | Reached * piety under the Shining One
  3053 | D:3      | Found a transporter.
  3053 | D:3      | Noticed gus3d's ghost (amateur OpMo)
  3060 | D:3      | Found a transporter.
  3114 | D:3      | Reached skill level 5 in Fire Magic
  3117 | D:3      | Learned a level 4 spell: Sticky Flame
  3252 | D:3      | HP: 1/24 [something (15)]
  3252 | D:3      | Slain by a gnoll

Illustrated notes

Levels and vault maps discovered:
D:1:      nicolae_arrival_memento_mori, layout_basic
D:2:      layout_loops_corners, ebering_ecumenical_altar_hall,
          kennysheep_generic_room_4
D:3:      minmay_inner_zag, layout_rooms, gammafunk_ghost_arena

Skill      XL: |  1  2  3  4 |
---------------+-------------+-----
Fire Magic     | 4 5 |  5.0
Dodging        | 3 |  3.7
Stealth        | |  2.4
Spellcasting   | |  3.0
Conjurations   | |  1.1

Action                   |  1- 3 |  4- 6 || total
-------------------------+-------+-------++-------
Melee: Unarmed           |    10 |     1 ||    11
 Cast: Foxfire           |   107 |    22 ||   129
Armor: Robe              |     4 |       ||     4
Dodge: Dodged            |    25 |     2 ||    27

Table legend: (Time is in decaauts)
 A = Elapsed time spent in this place.
 B = Non-inter-level travel time spent in this place.
 C = Inter-level travel time spent in this place.
 D = Time resting spent in this place.
 E = Time spent auto-exploring this place.
 F = Levels seen in this place.
 G = Mean time per level.
                   A        B        C        D        E       F      G
               +--------+--------+--------+--------+--------+-----+--------+
         Total |   3250 |   3181 |     69 |      0 |   2847 |   3 | 1083.3 |
       Dungeon |   3250 |   3181 |     69 |      0 |   2847 |   3 | 1083.3 |
               +--------+--------+--------+--------+--------+-----+--------+

Top non-repeatable levels by time:
     D:2: 1705 daAuts
     D:1: 1346 daAuts
     D:3: 198 daAuts
